cohdb
Replays
Latest Replays
All Replays
Popular Replays
Top Player Replays
Match Explorer
How It Works
Community
CoH3 Stats
Reddit
Sign in to upload your games and track your stats! →
Sign in with Steam
Match 44945986
Unlisted
Match 44945986
Overview
Messages
Build Orders
End
Construct Section Command Post
Infantry Section
Dingo Light Scout Car
Selects Heavy Armor Battlegroup
Infantry Section
Vickers Machine Gun Team
Construct Platoon Command Post
Selects Rigorous Vehicle Training
Selects Forward Repair Assembly
Unlock M3 Stuart Light Tanks
M3 Stuart Light Tank
6-pounder Anti-tank Gun Team
M3 Stuart Light Tank
Light Vehicle Training
CMP 15cwt Truck
M3 Stuart Light Tank
Infantry Section
Unlock Bishop Self-propelled Artillery
Infantry Training
M3 Stuart Light Tank
6-pounder Anti-tank Gun Team
Macho Man Randy Savage
Konrad Curze
Lord Curzon
Lelouch
STRIKE_IIVI ➽
Fookin' Laser Sights
AraShi-
HuaLim
0
0
Comments
sign in to comment!
No comments posted yet!